 Dungeon Crawl Stone Soup version 0.18-a0-1120-g03bd624 (webtiles) character file.

769 gorblad the Nimble (level 7, -3/31 HPs)
             Began as a Felid Monk on Jan 17, 2016.
             Slain by an orc warrior
             ... wielding a +0 war axe
              (7 damage)
             ... on level 6 of the Dungeon.
             The game lasted 00:13:29 (5872 turns).

gorblad the Nimble (Felid Monk)                     Turns: 5872, Time: 00:13:30

Health: -3/31      AC:  2    Str:  7    XL:     7   Next: 52%
Magic:  0/8        EV: 28    Int: 11    God:
Gold:   125        SH:  0    Dex: 21    Spells: 0 memorised, 6 levels left
                                        Lives:  0   Deaths: 2

rFire  . . .     SeeInvis +       - Unarmed
rCold  . . .     Gourm    .     (armour unavailable)
rNeg   . . .     Faith    .     (shield unavailable)
rPois  +         Spirit   +     (helmet unavailable)
rElec  .         Dismiss  .     (cloak unavailable)
rCorr  .         Reflect  .     (gloves unavailable)
SustAt .         Harm     .     (boots unavailable)
MR     ++...                    f - amulet of guardian spirit
Stlth  ++++++....               m - ring of poison resistance
                                q - ring of protection from magic

@: quick, very resistant to hostile enchantments, very stealthy
A: no armour, no weapons or thrown items, claws 1, fangs 3, see invisible,
carnivore 3, speed 1, shaggy fur 2, slow metabolism 1, sharp paws
a: no special abilities


You were on level 6 of the Dungeon.
You were very full.

You visited 1 branch of the dungeon, and saw 6 of its levels.
You also visited: Ossuary.

You collected 272 gold pieces.
You spent 147 gold pieces at shops.

Inventory:

Jewellery
 f - an amulet of guardian spirit (around neck)
 k - an uncursed ring of ice
 m - a ring of poison resistance (right paw)
 q - a ring of protection from magic (left paw)
 u - an uncursed amulet of harm
Wands
 e - a wand of fireball (11/15)
 j - a wand of flame (13/48)
 s - a wand of digging (9/24)
 A - a wand of lightning (6/15)
 F - a wand of draining (8/15)
 G - a wand of fire (3/15)
Scrolls
 d - 6 scrolls of remove curse
 g - 3 scrolls of teleportation
 i - a scroll of magic mapping
 p - 2 scrolls of amnesia
 t - a scroll of noise
 v - a scroll of identify
 C - 4 scrolls of blinking
Potions
 b - a potion of cancellation
 h - a potion of magic
 n - 2 potions of lignification
 o - a potion of poison
 w - a potion of haste
 x - a potion of cure mutation
 z - a potion of ambrosia {unknown}
 B - a potion of flight
 E - a potion of curing
 H - a potion of berserk rage {unknown}
Books
 r - a Fen Folio

   Spells                             Type                      Level
   a - Corpse Rot                     Necromancy                   2
   b - Stone Arrow                    Conjuration/Earth            3
   c - Leda's Liquefaction            Hexes/Earth                  4
   d - Summon Forest                  Summoning/Translocation      5
   e - Hydra Form                     Transmutation                6
   f - Summon Hydra                   Summoning                    7
 y - a book of Dreams

   Spells                             Type                      Level
   a - Ensorcelled Hibernation        Hexes/Ice                    2
   b - Phase Shift                    Translocation                5
   c - Silence                        Hexes/Air                    5
   d - Darkness                       Hexes                        6
   e - Mass Confusion                 Hexes                        6
   f - Shadow Creatures               Summoning                    6
Comestibles
 a - 2 meat rations
 c - a slice of pizza
 l - 4 beef jerkies
 D - a royal jelly


   Skills:
 - Level 3.0 Fighting
 + Level 9.9 Dodging
 + Level 9.9 Stealth
 - Level 4.0 Unarmed Combat


You had 6 spell levels left.
You didn't know any spells.

Dungeon Overview and Level Annotations

Branches:
Dungeon (6/15)
 Temple: D:4-7

Altars:
Ashenzari
Gozag
Makhleb
Okawaru

Shops:
D:4 *


Innate Abilities, Weirdness & Mutations

You cannot wear armour.
You are incapable of wielding weapons or throwing items.
You have sharp claws.
You have razor-sharp teeth.
You have supernaturally acute eyesight.
You are carnivorous and can eat meat at any time.
You cover ground quickly.
You are covered in thick fur (AC +2).
You have a slow metabolism.
Your sharp claws are effective at attacking unaware monsters.


Message History

Something smites you! The orc warrior misses you.
You claw the orc warrior! You claw the orc warrior.
The orc warrior is heavily wounded.
The orc priest misses you.
You scratch the orc warrior but do no damage.
The orc warrior is heavily wounded.
The orc warrior hits you with a war axe!
* * * LOW HITPOINT WARNING * * *
The orc priest completely misses you.
You closely miss the orc priest. The orc warrior completely misses you.
The orc priest calls upon Beogh to heal the orc warrior.
The orc warrior is healed somewhat.
You scratch the orc priest.
The orc priest is heavily wounded.
The orc priest completely misses you. The orc warrior barely misses you.
You claw the orc priest! Your claw misses the orc priest.
The orc priest is almost dead.
The orc priest completely misses you.
The orc warrior hits you with a war axe!
You die...

.....####.######
................#
..........#####.#
......##### #.
......# #. ###
#...#.# #. ..
......# #. .#
#...###
#o##.###### ##.##
### #o@.....?..
#... ..#
####...####
######.# #....#.#
#.# #.##...# #.#
#.###### #.# #.#
#######.# #.#
........# #.#
.#......# #.#


You could see an orc warrior and an orc priest.

Vanquished Creatures
  Blork the orc (D:4)
  The ghost of chonchonts the Sneak, an amateur SpEn (D:3)
  A scorpion (D:5)
  A crimson imp (D:6)
  An orc priest (D:3)
  A centaur zombie (D:5)
  Crazy Yiuf (D:2)
  A jelly (D:6)
  Natasha (thrice) (D:2)
  9 orc wizards
  5 worker ants
  12 mummies (Ossuary)
  7 adders
  A shadow imp (D:6)
  2 adder skeletons (D:5)
  3 worms
  2 giant geckos
  20 orcs
  5 bats
  4 giant cockroaches
  7 goblins
  11 hobgoblins
  20 jackals
  7 kobolds
  A quokka (D:3)
  2 ball pythons
  6 giant newts
  3 gnoll skeletons (Ossuary)
  2 goblin skeletons (Ossuary)
  A kobold skeleton (Ossuary)
  2 orc skeletons (Ossuary)
  2 quokka zombies (D:5)
  8 rats
  11 rat skeletons (Ossuary)
164 creatures vanquished.

Notes
Turn   | Place    | Note
--------------------------------------------------------------
     0 | D:1      | gorblad the Felid Monk began the quest for the Orb.
     0 | D:1      | Reached XP level 1. HP: 10/10 MP: 2/2
   283 | D:1      | Reached XP level 2. HP: 14/14 MP: 3/3
   897 | D:2      | Reached XP level 3. HP: 17/17 MP: 4/4
   902 | D:2      | Reached skill level 5 in Dodging
   934 | D:2      | Found a faded altar to an unknown god.
  1216 | D:2      | Reached XP level 4. HP: 21/21 MP: 5/5
  1256 | D:2      | Noticed Natasha
  1259 | D:2      | Killed Natasha
  1302 | D:2      | Noticed Natasha
  1307 | D:2      | Killed Natasha
  1307 | D:2      | Reached skill level 6 in Dodging
  1307 | D:2      | Reached skill level 5 in Stealth
  1320 | D:2      | Found a burning altar of Makhleb.
  1395 | D:2      | Noticed Natasha
  1404 | D:2      | Killed Natasha
  1404 | D:2      | Reached XP level 5. HP: 11/24 MP: 6/6
  1436 | D:2      | Noticed Crazy Yiuf
  1442 | D:2      | Killed Crazy Yiuf
  1884 | D:3      | Noticed chonchonts's ghost (amateur SpEn)
  2270 | D:3      | HP: 1/24 [orc priest/divine providence (8)]
  2275 | D:3      | Reached skill level 7 in Dodging
  2280 | D:3      | HP: 1/24 [jackal (1)]
  2285 | D:3      | Slain by a jackal
  2286 | D:3      | Reached XP level 4. HP: 0/21 MP: 0/5
  2322 | D:3      | Killed chonchonts's ghost
  2322 | D:3      | Reached XP level 5. HP: 24/24 MP: 6/6
  2992 | D:4      | Gained mutation: You are covered in thick fur (AC +2). [Felid growth]
  2992 | D:4      | Reached XP level 6. HP: 28/28 MP: 7/7
  3100 | D:4      | Found an iron altar of Okawaru.
  3158 | D:4      | Noticed Blork the orc
  3160 | D:4      | Killed Blork the orc
  3160 | D:4      | Reached skill level 8 in Dodging
  3291 | D:4      | Found Pofuck's Assorted Antiques.
  3301 | D:4      | Bought a scroll of identify for 42 gold pieces
  3301 | D:4      | Bought a square emerald amulet for 105 gold pieces
  3683 | D:5      | Entered Level 5 of the Dungeon
  3732 | D:5      | Reached XP level 7. HP: 15/31 MP: 3/8
  3738 | D:5      | Found a shattered altar of Ashenzari.
  3739 | D:5      | Killed from afar by an orc wizard
  3740 | D:5      | Reached XP level 6. HP: -1/28 MP: 0/7
  3790 | D:5      | Found a sand-covered staircase.
  3807 | Ossuary  | Entered an ossuary
  4037 | Ossuary  | Reached skill level 9 in Dodging
  4441 | D:5      | Reached XP level 7. HP: 31/31 MP: 8/8
  4488 | D:5      | HP: 1/31 [orc/hand axe (4)]
  4954 | D:5      | Found an opulent altar of Gozag.
  5872 | D:6      | Slain by an orc warrior

Vault maps used:
D:1:      lemuel_arrival_funnel, minmay_misc_feat_plants
D:2:      lemuel_crystal_altar, ecumenical_altar_2, uniq_natasha,
          uniq_crazy_yiuf_cottage
D:4:      okawaru_trees_2, serial_shops, shop, uniq_blork_the_orc
D:5:      nicolae_gozag_cash_rules_everything_around_me, basic_altar,
          enter_ossuary_4, first_bread
D:6:      minmay_temple_entry_fiery
Ossuary:  ossuary_due_small_catacomb

Action                   |  1- 3 |  4- 6 |  7- 9 || total
-------------------------+-------+-------+-------++-------
Melee: Unarmed           |    73 |   324 |   105 ||   502
  Use: Scroll            |     6 |    14 |     2 ||    22
       Potion            |       |     4 |     1 ||     5
 Stab: Sleeping          |    16 |    35 |    13 ||    64
       Distracted        |     2 |     1 |       ||     3
  Eat: Chunk             |     8 |    12 |     7 ||    27
